 Dungeon Crawl Stone Soup version 0.29-a0-330-g52719c12eb (webtiles) character file.

Game seed: 13100101991355783855

109 Ajdolov the Chiller (level 4, -3/30 HPs)
             Began as a Barachi Ice Elementalist on Apr 23, 2022.
             Slain by a phantom (4 damage)
             ... on level 3 of the Dungeon.
             The game lasted 00:04:13 (3147 turns).

Ajdolov the Chiller (Barachi Ice Elementalist)      Turns: 3147, Time: 00:04:13

Health: -3/30      AC:  3    Str: 10    XL:     4   Next: 89%
Magic:  5/7        EV: 12    Int: 17    God:
Gold:   189        SH:  0    Dex: 12    Spells: 3/7 levels left

rFire   + . .      SeeInvis .   f - +0 spear
rCold   + . .      Faith    .   (no shield)
rNeg    . . .      Spirit   .   a - +0 robe
rPois   .          Reflect  .   (no helmet)
rElec   .          Harm     .   h - scarf {rC+ rF+}
rCorr   .          Rampage  .   j - +0 pair of gloves
Will    .....                   (no boots)
Stlth   ++........              (no amulet)
HPRegen 0.10/turn               (no ring)
MPRegen 0.10/turn               (no ring)

@: slow
A: amphibious, slowness 1, strong legs 1, +LOS
a: Hop


You were on level 3 of the Dungeon.
You visited 1 branch of the dungeon, and saw 3 of its levels.

You collected 189 gold pieces.

Inventory:

Hand Weapons
 f - a +0 spear (weapon)
Armour
 a - a +0 robe (worn)
 h - a scarf of resistance (worn)
 j - a +0 pair of gloves (worn)
Jewellery
 k - an amulet of reflection
Scrolls
 c - 6 scrolls of identify {unknown}
 d - a scroll of amnesia {unknown}
 g - 3 scrolls of holy word {unknown}
 l - a scroll of enchant armour {unknown}
 m - a scroll of torment {unknown}
 n - a scroll of silence {unknown}
Potions
 b - 2 potions of magic
 e - a potion of curing {unknown}
 i - a potion of berserk rage {unknown}


   Skills:
 * Level 3.4 Polearms
 - Level 2.1 Dodging
 - Level 1.7 Stealth
 - Level 2.1 Spellcasting
 + Level 5.8 Ice Magic


You had 3 spell levels left.
You knew the following spells:

 Your Spells              Type           Power      Damage    Failure   Level
a - Freeze                Ice            84%        1d10      1%          1
b - Frozen Ramparts       Ice            42%        1d6       5%          3

Your spell library contained the following spells:

 Spells                   Type           Power      Damage    Failure   Level
 Ozocubu's Armour         Ice            21%        N/A       5%          3
 Shock                    Conj/Air       4%         1d3       19%         1
 Swiftness                Air            1%         N/A       50%         3
 Hailstorm                Conj/Ice       11%        3d5       50%         4
 Airstrike                Air            0%         N/A       88%         4


Dungeon Overview and Level Annotations

Branches:
Dungeon (3/15)

Altars:
Uskayaw

Annotations:
D:3 exclusion: 2 doors


Innate Abilities, Weirdness & Mutations

You are amphibious.
You cover ground slowly.
You can hop short distances.
You have an extended range of vision and can be seen from far away.


Message History

The phantom is heavily damaged.
The phantom completely resists.
The wall freezes the phantom but does no damage.
The phantom closely misses you.
You hit the phantom but do no damage.
The phantom is heavily damaged.
The phantom completely resists.
The wall freezes the phantom but does no damage.
The phantom hits you.
The phantom blinks!
You blink.
The frozen ramparts melt away as you move.
You completely miss the phantom.
The phantom is heavily damaged.
The phantom closely misses you.
You hit the phantom but do no damage.
The phantom is heavily damaged.
The phantom hits you.
The phantom blinks!
You blink.
You hit the phantom.
The phantom is severely damaged.
The phantom hits you.
You are too injured to fight recklessly!
You are too injured to fight recklessly!
You are too injured to fight recklessly!
You closely miss the phantom.
The phantom is severely damaged.
The phantom hits you.
The phantom blinks!
You blink.
Found a scroll labelled HACESE SYR BOTH.
You hit the phantom.
The phantom is almost destroyed.
The phantom hits you.
* * * LOW HITPOINT WARNING * * *
The phantom blinks!
You blink.
You barely miss the phantom.
The phantom is almost destroyed.
The phantom hits you.
* * * LOW HITPOINT WARNING * * *
Okay, then.
You barely miss the phantom.
The phantom is almost destroyed.
The phantom hits you.
You die...

.# # .'. +. . ... #. ..
#.##. ....
#....#########.....
.⌠#..........§.......
##.......§...........
..#.........W...........
..#........@............
##...##.................
.....#........#####....#
#....#.#.......... ....#
######.........###.....
...# ........#.#.#..#
......# ?.# ..# #....
#....#.......# .# ..#
#.#.###......._......
...#
..###.......##.......#..#
...##


You could see a phantom.

Vanquished Creatures
  4 adders
  A gnoll (D:1)
  2 worms (D:2)
  An orc (D:3)
  6 ball pythons
  5 bats
  3 endoplasms
  2 giant cockroaches
  5 goblins
  9 hobgoblins
  3 jackals (D:2)
  3 quokkas
  4 frilled lizards
  2 kobolds
  2 rats (D:1)
52 creatures vanquished.

Vanquished Creatures (others)
  A goblin (D:3)
  A hobgoblin (D:3)
2 creatures vanquished.

Grand Total: 54 creatures vanquished

Notes
Turn   | Place    | Note
-------+----------+-------------------------------------------
     0 | D:1      | Ajdolov the Barachi Ice Elementalist began the quest for
                  | the Orb.
     0 | D:1      | Reached XP level 1. HP: 13/13 MP: 3/3
    96 | D:1      | Reached skill level 5 in Ice Magic
   192 | D:1      | Reached skill level 1 in Polearms
   192 | D:1      | Reached XP level 2. HP: 19/19 MP: 3/5
   603 | D:1      | Reached XP level 3. HP: 24/24 MP: 4/6
  1010 | D:2      | Learned a level 3 spell: Frozen Ramparts
  1478 | D:2      | Reached XP level 4. HP: 27/30 MP: 5/7
  1579 | D:2      | Found a faded altar of an unknown god.
  3120 | D:3      | Found a hide-covered altar of Uskayaw.
  3124 | D:3      | Noticed a phantom
  3146 | D:3      | HP: 1/30 [phantom (6)]
  3147 | D:3      | Slain by a phantom

Illustrated notes

Levels and vault maps discovered:
D:1:      matt_arrival_grand_opening, layout_loops_ring, minmay_misc_feat_cross
D:2:      layout_basic, shapermc_ecumenical_altar_mp_vishouse
D:3:      minmay_goblin_kobold_castle, layout_basic, evilmike_ruin_ashenzari,
          pf_just_have_faith, nicolae_overflow_crystal_walls

Skill      XL: |  1  2  3  4 |
---------------+-------------+-----
Ice Magic      | 5 |  5.8
Polearms       | 1 2 3 |  3.4
Dodging        | |  2.1
Stealth        | |  1.7
Spellcasting   | |  2.1

Action                   |  1- 3 |  4- 6 || total
-------------------------+-------+-------++-------
Melee: Spear             |    43 |    61 ||   104
 Cast: Freeze            |    23 |     7 ||    30
       Frozen Ramparts   |     2 |     5 ||     7
 Stab: Sleeping          |     4 |     2 ||     6
Armor: Robe              |     6 |     9 ||    15
Dodge: Dodged            |    24 |    59 ||    83

Table legend: (Time is in decaauts)
 A = Elapsed time spent in this place.
 B = Non-inter-level travel time spent in this place.
 C = Inter-level travel time spent in this place.
 D = Time resting spent in this place.
 E = Time spent auto-exploring this place.
 F = Levels seen in this place.
 G = Mean time per level.
                   A        B        C        D        E       F      G
               +--------+--------+--------+--------+--------+-----+--------+
         Total |   3457 |   3260 |    197 |    578 |   2236 |   3 | 1152.3 |
       Dungeon |   3457 |   3260 |    197 |    578 |   2236 |   3 | 1152.3 |
               +--------+--------+--------+--------+--------+-----+--------+

Top non-repeatable levels by time:
     D:2: 1890 daAuts
     D:1: 991 daAuts
     D:3: 576 daAuts
